 Dungeon Crawl Stone Soup version 0.29-a0-757-g358383bc75 (webtiles) character file.

Game seed: 5027538724687614383

9109 wilfster70 the Destroyer (level 11, -3/83 HPs)
             Began as a Gnoll Conjurer on July 1, 2022.
             Was a Believer of Ashenzari.
             Slain by a killer bee (7 damage)
             ... on level 10 of the Dungeon.
             The game lasted 00:34:45 (12641 turns).

wilfster70 the Destroyer (Gnoll Conjurer)          Turns: 12641, Time: 00:34:46

Health: -3/83      AC:  7    Str:  7    XL:     11   Next: 41%
Magic:  4/23       EV: 14    Int: 28    God:    Ashenzari [**....]
Gold:   506        SH:  0    Dex: 10    Spells: 12/26 levels left

rFire   . . .      SeeInvis +   b - +0 sling
rCold   + . .      Faith    .   (no shield)
rNeg    . . .      Spirit   .   h - +0 troll leather armour "Cursed With Me" {Regen+, Pargi, Alch, Evo} (curse)
rPois   .          Reflect  .   (no helmet)
rElec   .          Harm     .   n - +1 cloak "Ensconced With Me" {Alch, Comp} (curse)
rCorr   .          Rampage  .   (no gloves)
Will    .....                   (no boots)
Stlth   ++++......              v - amulet of Ashenzari's Negation {Acrobat, Comp, Cun} (curse)
HPRegen 1.03/turn               p - ring of see invisible
MPRegen 0.18/turn               y - ring of the Esoteric Vexation {rC+ Int+6 Slay+2, Alch, Fort} (curse)

@: brilliant, lethally poisoned (-3 -> -5)
A: fangs 1, strong nose, distributed training
a: Renounce Religion, Shatter the Chains


You were on level 10 of the Dungeon.
You worshipped Ashenzari.
Ashenzari was pleased with you.
You visited 2 branches of the dungeon, and saw 11 of its levels.

You collected 506 gold pieces.

Inventory:

Hand Weapons
 a - a +2 dagger of holy wrath
 b - a +0 sling (weapon)
 d - a +4 scimitar of flaming
Missiles
 e - 2 throwing nets
 m - 21 poisoned darts
Armour
 h - the cursed +0 troll leather armour "Cursed With Me" (worn) {Regen+, Pargi, Alch, Evo}
   (You found it on level 3 of the Dungeon)

   Regen:     It increases your rate of health regeneration.
   It has a curse which improves the following skills: Alchemy: Poison Magic and
   Transmutations.
   Evocations: Evocations.
 n - the cursed +1 cloak "Ensconced With Me" (worn) {Alch, Comp}
   (You found it on level 3 of the Dungeon)

   It has a curse which improves the following skills: Alchemy: Poison Magic and
   Transmutations.
   Companions: Summonings and Necromancy.
Jewellery
 p - a ring of see invisible (left hand)
 t - a ring of poison resistance
 v - the cursed amulet of Ashenzari's Negation (around neck) {Acrobat, Comp, Cun}
   (You found it on level 8 of the Dungeon)

   [amulet of the acrobat]

   It increases your evasion while moving and waiting.
   It has a curse which improves the following skills: Companions: Summonings
   and Necromancy.
   Cunning:   Dodging and Stealth.
 y - the cursed ring of the Esoteric Vexation (right hand) {rC+ Int+6 Slay+2, Alch, Fort}
   (You acquired it on level 10 of the Dungeon)

   [ring of intelligence]

   Int:       It affects your intelligence (+6).
   Slay:      It affects your accuracy & damage with ranged weapons and melee
   (+2).
   rC:        It protects you from cold.
   It has a curse which improves the following skills: Alchemy: Poison Magic and
   Transmutations.
   Fortitude: Armour and Shields.
Wands
 f - a wand of flame (59)
 r - a wand of polymorph (2)
 B - a wand of paralysis (4)
Scrolls
 j - a scroll of enchant weapon
 s - a scroll of teleportation
 u - a scroll of magic mapping
 w - 2 scrolls of enchant armour
Potions
 c - 2 potions of brilliance
 g - 2 potions of mutation
 i - 4 potions of might
 l - 2 potions of lignification
 o - a potion of berserk rage
 q - a potion of ambrosia
 x - 3 potions of heal wounds
 z - a potion of haste
 A - 2 potions of magic


   Skills:
 + Level 6.5 Fighting
 + Level 6.5 Short Blades
 + Level 6.5 Long Blades
 + Level 6.5 Axes
 + Level 6.5 Maces & Flails
 + Level 6.5 Polearms
 + Level 6.5 Staves
 + Level 6.5 Ranged Weapons
 + Level 6.5 Throwing
 + Level 6.5(7.7) Armour
 + Level 8.0(9.3) Dodging
 + Level 7.8(9.1) Stealth
 + Level 6.5(7.7) Shields
 + Level 6.5 Unarmed Combat
 + Level 8.3 Spellcasting
 + Level 9.0 Conjurations
 + Level 5.4 Hexes
 + Level 5.4(7.3) Summonings
 + Level 5.4(7.3) Necromancy
 + Level 5.4 Translocations
 + Level 5.4(7.9) Transmutations
 + Level 5.4 Fire Magic
 + Level 5.4 Ice Magic
 + Level 5.4 Air Magic
 + Level 5.4 Earth Magic
 + Level 5.4(7.9) Poison Magic
 + Level 7.1 Invocations
 + Level 6.5(7.7) Evocations


You had 12 spell levels left.
You knew the following spells:

 Your Spells              Type           Power      Damage    Failure   Level
a - Magic Dart            Conj           100%       1d8       1%          1
b - Searing Ray           Conj           100%       2d8       1%          2
c - Dazzling Flash        Conj/Hex       100%       N/A       1%          3
d - Fulminant Prism       Conj/Hex       33%        3d16      3%          4
e - Iskenderun's Mystic   Conj/Tloc      67%        2d14      3%          4

Your spell library contained the following spells:

 Spells                   Type           Power      Damage    Failure   Level
 Apportation              Tloc           100%       N/A       1%          1
 Necrotize                Necr           100%       1d9       1%          1
 Summon Small Mammal      Summ           100%       N/A       1%          1
 Gell's Gravitas          Tloc           58%        N/A       2%          3
 Lesser Beckoning         Tloc           58%        N/A       2%          3
 Teleport Other           Tloc           58%        N/A       2%          3
 Starburst                Conj/Fire      33%        6d10      47%         6


Dungeon Overview and Level Annotations

Branches:
Dungeon (10/15)            Temple (1/1) D:5            Lair (0/6) D:10
    Orc (0/2) D:9

Altars:
Ashenzari
Cheibriados
Elyvilon
Hepliaklqana
Nemelex Xobeh
Okawaru
Sif Muna
Trog
Wu Jian
Yredelemnul
Zin
The Shining One

Annotations:
D:6 Menkaure
D:8 Maggie


Innate Abilities, Weirdness & Mutations

You have very sharp teeth.
Your uncanny sense of smell can sniff out nearby items.
Your experience applies equally to all skills.


Message History

Unknown command.
You feel very sick. The killer bee closely misses you.
The killer bee misses you. The killer bee closely misses you.
The killer bee completely misses you. The killer bee barely misses you.
The killer bee completely misses you.
Your fulminant prism crackles loudly.
You feel very sick.
The killer bee completely misses you. x2; The killer bee misses you.
The killer bee completely misses you. The killer bee misses you.
The killer bee completely misses you.
Your fulminant prism explodes!
The blast of energy engulfs the killer bee!!
You kill the killer bee!
The blast of energy engulfs the killer bee!
The killer bee is severely wounded.
Casting: Fulminant Prism (dangerous; 3% risk of failure)
Confirm with . or Enter, or press ? or * to list all spells.
Aiming: Fulminant Prism (dangerous; 3% risk of failure)
Press: ? - help, Dir - move target You conjure a prism of explosive energy!
A fulminant prism comes into view.
You feel very sick. The killer bee stings you.
* * * LOW HITPOINT WARNING * * *
You are more poisoned.
The killer bee poisons you! The killer bee closely misses you. x2
The killer bee stings you.
* * * LOW HITPOINT WARNING * * *
You feel better. The killer bee stings you!
* * * LOW HITPOINT WARNING * * *
You are poisoned.
The killer bee poisons you! The killer bee closely misses you.
The killer bee misses you. The killer bee barely misses you.
Your fulminant prism crackles loudly.
You feel clever all of a sudden.
You feel sick. The killer bee stings you.
* * * LOW HITPOINT WARNING * * *
The killer bee stings you but does no damage.
The killer bee stings you!
You die...

#######'###....'......#
#...........#......# ,,
#...........#......#
,#...........#......#
,#......######......#
########....#......# ,
..., #....#......# ....
,#....#......#
.....,#....#@†....#
,......###'##yy....#
......'...........#
......#......*....#
...y. #...........# ,
.... ,#......>....# ...
#...........# .. ,
#...........# . ,,
,#...........#


You could see 2 killer bees and a friendly fulminant prism.

Vanquished Creatures
  2 two-headed ogres
  Erica (D:9)
  Pikel (D:4)
  2 unseen horrors
  A troll (D:10)
  Grinder (D:3)
  3 slime creatures (D:9)
  A vampire (D:9)
  7 yaks
  5 wyverns
  A basilisk (D:10)
  2 steam dragons
  An acid dragon (D:10)
  4 water moccasins
  A swamp drake (D:9)
  Pargi (D:3)
  2 orc warriors (D:9)
  2 ogres
  A centaur (D:9)
  A phantom (D:4)
  4 lemures (D:4)
  A kobold brigand (D:6)
  5 bullfrogs
  3 scorpions
  4 killer bees
  5 howler monkeys
  A bullfrog zombie (D:4)
  4 hounds
  4 jellies
  6 orc priests
  5 iguanas
  4 orc wizards
  2 scorpion zombies (D:4)
  A hound zombie (D:4)
  4 hound skeletons (D:4)
  9 adders
  A shadow imp (D:7)
  A white imp (D:8)
  3 worms
  A dart slug (D:3)
  26 orcs
  5 endoplasms
  5 giant cockroaches
  6 goblins
  12 hobgoblins
  6 jackals
  14 kobolds
  A quokka (D:4)
  10 ball pythons
  2 bats
  3 frilled lizards (D:2)
  7 rats
205 creatures vanquished.

Vanquished Creatures (others)
  7 fulminant prisms
  3 fungi (D:10)
  14 plants (D:10)
  2 withered plants (D:4)
26 creatures vanquished.

Grand Total: 231 creatures vanquished

Notes
Turn   | Place    | Note
-------+----------+-------------------------------------------
     0 | D:1      | wilfster70 the Gnoll Conjurer began the quest for the Orb.
     0 | D:1      | Reached XP level 1. HP: 13/13 MP: 6/6
   244 | D:1      | Reached XP level 2. HP: 19/19 MP: 4/7
   659 | D:1      | Found a faded altar of an unknown god.
  1128 | D:2      | Learned a level 2 spell: Searing Ray
  1177 | D:2      | Reached skill level 5 in Spellcasting
  1177 | D:2      | Reached XP level 3. HP: 25/25 MP: 2/9
  1181 | D:2      | Learned a level 3 spell: Dazzling Flash
  1362 | D:2      | Reached skill level 1 in Invocations
  1503 | D:2      | Reached skill level 1 in Fighting
  1503 | D:2      | Reached skill level 1 in Short Blades
  1503 | D:2      | Reached skill level 1 in Long Blades
  1503 | D:2      | Reached skill level 1 in Axes
  1503 | D:2      | Reached skill level 1 in Maces & Flails
  1503 | D:2      | Reached skill level 1 in Polearms
  1503 | D:2      | Reached skill level 1 in Staves
  1503 | D:2      | Reached skill level 1 in Ranged Weapons
  1503 | D:2      | Reached skill level 1 in Throwing
  1503 | D:2      | Reached skill level 1 in Armour
  1503 | D:2      | Reached skill level 1 in Shields
  1503 | D:2      | Reached skill level 1 in Unarmed Combat
  1503 | D:2      | Reached skill level 1 in Evocations
  1693 | D:2      | Reached XP level 4. HP: 32/32 MP: 6/11
  2298 | D:3      | Learned a level 4 spell: Fulminant Prism
  2403 | D:3      | Reached skill level 1 in Hexes
  2403 | D:3      | Reached skill level 1 in Summonings
  2403 | D:3      | Reached skill level 1 in Necromancy
  2403 | D:3      | Reached skill level 1 in Translocations
  2403 | D:3      | Reached skill level 1 in Transmutations
  2403 | D:3      | Reached skill level 1 in Fire Magic
  2403 | D:3      | Reached skill level 1 in Ice Magic
  2403 | D:3      | Reached skill level 1 in Air Magic
  2403 | D:3      | Reached skill level 1 in Earth Magic
  2403 | D:3      | Reached skill level 1 in Poison Magic
  3145 | D:3      | Noticed Pargi
  3206 | D:3      | Reached XP level 5. HP: 37/37 MP: 12/12
  3375 | D:3      | Noticed Grinder
  3394 | D:3      | Killed Grinder
  3395 | D:3      | Reached skill level 5 in Dodging
  3395 | D:3      | Reached XP level 6. HP: 15/44 MP: 2/14
  3698 | D:3      | Killed Pargi
  3798 | D:4      | Reached XP level 7. HP: 51/51 MP: 11/15
  4012 | D:4      | Found a hazy altar of Hepliaklqana.
  4089 | D:4      | Reached skill level 5 in Stealth
  4257 | D:4      | Found a basalt altar of Yredelemnul.
  4824 | D:4      | Noticed Pikel
  4990 | D:4      | Reached XP level 8. HP: 55/58 MP: 10/16
  4999 | D:4      | Killed Pikel
  5267 | D:5      | Entered Level 5 of the Dungeon
  5431 | D:5      | Found a staircase to the Ecumenical Temple.
  5438 | Temple   | Entered the Ecumenical Temple
  5466 | Temple   | Became a worshipper of Ashenzari the Shackled
  6055 | D:5      | Found a glowing silver altar of Zin.
  6278 | D:5      | Reached XP level 9. HP: 44/65 MP: 10/18
  6329 | D:5      | Learned a level 4 spell: Iskenderun's Mystic Blast
  6488 | D:5      | Reached * piety under Ashenzari
  7206 | D:6      | Found a sparkling altar of Nemelex Xobeh.
  7259 | D:6      | Reached skill level 8 in Conjurations
  7526 | D:6      | Noticed Menkaure
  7691 | D:6      | Found a snail-covered altar of Cheibriados.
  8026 | D:7      | Found a shimmering blue altar of Sif Muna.
  8213 | D:7      | Found an iron altar of Okawaru.
  8801 | D:8      | Reached skill level 5 in Invocations
  9207 | D:8      | Noticed Maggie
  9562 | D:9      | Reached skill level 5 in Fighting
  9562 | D:9      | Reached skill level 5 in Short Blades
  9562 | D:9      | Reached skill level 5 in Long Blades
  9562 | D:9      | Reached skill level 5 in Axes
  9562 | D:9      | Reached skill level 5 in Maces & Flails
  9562 | D:9      | Reached skill level 5 in Polearms
  9562 | D:9      | Reached skill level 5 in Staves
  9562 | D:9      | Reached skill level 5 in Ranged Weapons
  9562 | D:9      | Reached skill level 5 in Throwing
  9562 | D:9      | Reached skill level 5 in Armour
  9562 | D:9      | Reached skill level 5 in Shields
  9562 | D:9      | Reached skill level 5 in Unarmed Combat
  9562 | D:9      | Reached skill level 5 in Evocations
  9562 | D:9      | Reached XP level 10. HP: 61/74 MP: 8/20
  9731 | D:9      | Identified the +6 quarterstaff of the People {speed, rF+
                  | rCorr}
  9968 | D:9      | Found a staircase to the Orcish Mines.
 10038 | D:9      | Noticed an unseen horror
 10077 | D:9      | Killed an unseen horror
 10556 | D:9      | Found a glowing golden altar of the Shining One.
 10556 | D:9      | Found a white marble altar of Elyvilon.
 10652 | D:9      | Noticed Erica
 10694 | D:9      | Killed Erica
 11080 | D:9      | Noticed a two-headed ogre
 11106 | D:9      | Killed a two-headed ogre
 11447 | D:9      | Reached skill level 5 in Hexes
 11447 | D:9      | Reached skill level 5 in Summonings
 11447 | D:9      | Reached skill level 5 in Necromancy
 11447 | D:9      | Reached skill level 5 in Translocations
 11447 | D:9      | Reached skill level 5 in Transmutations
 11447 | D:9      | Reached skill level 5 in Fire Magic
 11447 | D:9      | Reached skill level 5 in Ice Magic
 11447 | D:9      | Reached skill level 5 in Air Magic
 11447 | D:9      | Reached skill level 5 in Earth Magic
 11447 | D:9      | Reached skill level 5 in Poison Magic
 11552 | D:10     | Entered Level 10 of the Dungeon
 11580 | D:10     | Noticed a two-headed ogre
 11594 | D:10     | Killed a two-headed ogre
 11595 | D:10     | Reached XP level 11. HP: 81/81 MP: 11/23
 11673 | D:10     | Identified a scroll of acquirement
 11734 | D:10     | Acquired the ring of the Gloaming {rC+ Int+6 Slay+2}
 11738 | D:10     | Reached ** piety under Ashenzari
 11964 | D:10     | Found a staircase to the Lair.
 11994 | D:10     | Reached skill level 9 in Conjurations
 12641 | D:10     | HP: 4/83 [killer bee (3)]
 12641 | D:10     | Slain by a killer bee

Illustrated notes

Levels and vault maps discovered:
D:1:      dpeg_arrival_court, layout_basic, shapermc_ecumenical_altar_venn,
          serial_curves, eino_curves_01, eino_curves_01, eino_curves_03,
          eino_curves_04
D:2:      layout_basic, hangedman_decor_riveting, kennysheep_generic_room_11
D:3:      minmay_diamond_boxcup, layout_basic, serial_curves, eino_curves_03,
          eino_curves_04, grunt_decor_junction, minivault_26, uniq_pargi,
          uniq_grinder
D:4:      minmay_evil_eye, layout_loops_cross,
          mainiacjoe_overflow_concentric_impassable, lemuel_crystal_altar,
          serial_undead, serial_undead_e, serial_undead_a, serial_undead_c,
          serial_undead_d, uniq_pikel
D:5:      layout_layer_cave, mainiacjoe_overflow_brackets,
          minmay_temple_entry_enclosed_plants
D:6:      layout_loops_corners, minitemple, minmay_microvault, uniq_menkaure
D:7:      layout_loops_corners, nicolae_sif_muna_condensation,
          mainiacjoe_overflow_small_starburst
D:8:      layout_basic, grunt_livestock, st_stairs_5, uniq_maggie
D:9:      layout_roguey, gammafunk_temple_overflow_statue, erik_orc_1,
          uniq_erica
D:10:     layout_grid_maze, minmay_lair_entry_grove
Temple:   hellmonk_temple_forest_ring

Skill      XL: |  1  2  3  4  5  6  7  8  9 10 11 |
---------------+----------------------------------+-----
Spellcasting   | 5 6 7 8 |  8.3
Invocations    | 1 2 3 4 5 6 7 |  7.1
Fighting       | 1 2 3 5 6 |  6.5
Short Blades   | 1 2 3 5 6 |  6.5
Long Blades    | 1 2 3 5 6 |  6.5
Axes           | 1 2 3 5 6 |  6.5
Maces & Flails | 1 2 3 5 6 |  6.5
Polearms       | 1 2 3 5 6 |  6.5
Staves         | 1 2 3 5 6 |  6.5
Ranged Weapons | 1 2 3 5 6 |  6.5
Throwing       | 1 2 3 5 6 |  6.5
Armour         | 1 2 3 5 6 |  6.5
Shields        | 1 2 3 5 6 |  6.5
Unarmed Combat | 1 2 3 5 6 |  6.5
Evocations     | 1 2 3 5 6 |  6.5
Hexes          | 1 2 3 4 5 |  5.4
Summonings     | 1 2 3 4 5 |  5.4
Necromancy     | 1 2 3 4 5 |  5.4
Translocations | 1 2 3 4 5 |  5.4
Transmutations | 1 2 3 4 5 |  5.4
Fire Magic     | 1 2 3 4 5 |  5.4
Ice Magic      | 1 2 3 4 5 |  5.4
Air Magic      | 1 2 3 4 5 |  5.4
Earth Magic    | 1 2 3 4 5 |  5.4
Poison Magic   | 1 2 3 4 5 |  5.4
Dodging        | 5 6 7 8 |  8.0
Stealth        | 5 6 7 |  7.8
Conjurations   | 8 9 |  9.0

Action                   |  1- 3 |  4- 6 |  7- 9 | 10-12 || total
-------------------------+-------+-------+-------+-------++-------
Melee: Unarmed           |    26 |       |       |       ||    26
       Bite              |     1 |       |       |     3 ||     4
       Dagger            |     1 |       |     3 |    15 ||    19
       Sling             |       |       |       |     1 ||     1
       Punch             |       |       |       |     1 ||     1
 Fire: Sling             |     7 |    69 |   143 |    77 ||   296
Throw: Dart              |       |       |       |    13 ||    13
 Cast: Magic Dart        |    47 |       |     1 |     5 ||    53
       Searing Ray       |     4 |    20 |    78 |    67 ||   169
       Iskenderun's Myst |       |       |     5 |    24 ||    29
       Fulminant Prism   |       |       |     4 |     4 ||     8
       Dazzling Flash    |       |       |       |     3 ||     3
Invok: Curse Item        |       |       |     2 |     2 ||     4
  Use: Scroll            |     2 |     6 |     1 |     1 ||    10
       Potion            |     1 |       |     1 |     5 ||     7
Armor: Robe              |     3 |     2 |       |       ||     5
       Troll leather arm |       |       |    49 |    27 ||    76
Dodge: Dodged            |    51 |    17 |   123 |   202 ||   393

Table legend: (Time is in decaauts)
 A = Elapsed time spent in this place.
 B = Non-inter-level travel time spent in this place.
 C = Inter-level travel time spent in this place.
 D = Time resting spent in this place.
 E = Time spent auto-exploring this place.
 F = Levels seen in this place.
 G = Mean time per level.
                   A        B        C        D        E       F      G
               +--------+--------+--------+--------+--------+-----+--------+
         Total |  12706 |  12534 |    172 |   3636 |   5945 |  11 | 1155.1 |
       Dungeon |  12666 |  12505 |    161 |   3636 |   5928 |  10 | 1266.6 |
        Temple |     39 |     28 |     11 |      0 |     17 |   1 |   39.0 |
               +--------+--------+--------+--------+--------+-----+--------+

Top non-repeatable levels by time:
     D:9: 2158 daAuts
     D:4: 1587 daAuts
     D:3: 1528 daAuts
     D:5: 1352 daAuts
     D:6: 1179 daAuts
     D:2: 1151 daAuts
     D:1: 1100 daAuts
    D:10: 964 daAuts
     D:7: 895 daAuts
     D:8: 747 daAuts
  Temple: 39 daAuts
